 Dungeon Crawl Stone Soup version 0.28.0-43-g3370ac3207 (webtiles) character file.

Game seed: 3582397635295727896

199 Ablot the Grasshopper (level 5, 0/43 HPs)
             Began as a Gnoll Warper on Mar 24, 2022.
             Slain by an orc
             ... wielding a +0 whip
              (5 damage)
             ... on level 3 of the Dungeon.
             The game lasted 00:02:42 (2124 turns).

Ablot the Grasshopper (Gnoll Warper)                Turns: 2124, Time: 00:02:42

Health: 0/43       AC:  4    Str: 12    XL:     5   Next: 77%
Magic:  21/21      EV: 13    Int: 13    God:
Gold:   79         SH:  0    Dex: 11    Spells: 7/14 levels left

rFire   . . .      SeeInvis .   a - +0 spear
rCold   . . .      Faith    .   (no shield)
rNeg    . . .      Spirit   .   b - +0 leather armour
rPois   .          Reflect  .   i - +0 helmet
rElec   .          Harm     .   (no cloak)
rCorr   .          Rampage  .   (no gloves)
Will    .....                   (no boots)
Stlth   +.........              (no amulet)
HPRegen 0.14/turn               l - ring of magical power
MPRegen 0.17/turn               (no ring)

@: no status effects
A: fangs 1, strong nose, distributed training
a: no special abilities


You were on level 3 of the Dungeon.
You visited 1 branch of the dungeon, and saw 3 of its levels.

You collected 79 gold pieces.

Inventory:

Hand Weapons
 a - a +0 spear (weapon)
Missiles
 d - 5 boomerangs of dispersal
 e - 73 arrows
 h - 61 stones
 q - 3 boomerangs (quivered)
Armour
 b - a +0 leather armour (worn)
 i - a +0 helmet (worn)
Jewellery
 l - a ring of magical power (left hand)
Wands
 p - a wand of acid (8)
 r - a wand of polymorph (11)
Scrolls
 c - a scroll of blinking
 m - a scroll of noise {unknown}
 n - a scroll of enchant armour {unknown}
 o - a scroll of identify {unknown}
Potions
 f - a potion of flight {unknown}
 g - 2 potions of degeneration {unknown}
 j - a potion of curing {unknown}
 k - a potion of might {unknown}


   Skills:
 + Level 4.8 Fighting
 + Level 1.6 Short Blades
 + Level 1.6 Long Blades
 + Level 1.6 Axes
 + Level 1.6 Maces & Flails
 + Level 4.8 Polearms
 + Level 1.6 Staves
 + Level 1.6 Slings
 + Level 1.6 Bows
 + Level 1.6 Crossbows
 + Level 3.0 Throwing
 + Level 3.0 Armour
 + Level 4.8 Dodging
 + Level 1.6 Stealth
 + Level 1.6 Shields
 + Level 1.6 Unarmed Combat
 + Level 5.2 Spellcasting
 + Level 1.3 Conjurations
 + Level 1.3 Hexes
 + Level 1.3 Summonings
 + Level 1.3 Necromancy
 + Level 5.6 Translocations
 + Level 1.3 Transmutations
 + Level 1.3 Fire Magic
 + Level 1.3 Ice Magic
 + Level 1.3 Air Magic
 + Level 1.3 Earth Magic
 + Level 1.3 Poison Magic
 + Level 1.8 Invocations
 + Level 1.6 Evocations


You had 7 spell levels left.
You knew the following spells:

 Your Spells              Type           Power      Damage    Failure   Level
a - Blink                 Tloc           34%        N/A       3%          2
b - Passwall              Tmut/Erth      5%         N/A       21%         2
c - Ensorcelled Hibernat  Hex/Ice        12%        N/A       21%         2
d - Apportation           Tloc           34%        N/A       2%          1

Your spell library contained the following spells:

 Spells                   Type           Power      Damage    Failure   Level
 Gell's Gravitas          Tloc           17%        N/A       7%          3
 Lesser Beckoning         Tloc           17%        N/A       7%          3
 Teleport Other           Tloc           17%        N/A       7%          3
 Animate Skeleton         Necr           12%        N/A       14%         1
 Summon Small Mammal      Summ           24%        N/A       14%         1
 Swiftness                Air            6%         N/A       38%         3
 Manifold Assault         Tloc           17%        N/A       54%         5
 Storm Form               Tmut/Air       3%         N/A       100%        7


Dungeon Overview and Level Annotations

Branches:
Dungeon (3/15)

Altars:


Innate Abilities, Weirdness & Mutations

You have very sharp teeth.
Your uncanny sense of smell can sniff out nearby items.
Your experience applies equally to all skills.


Message History

You barely miss the orc priest. Your bite misses the orc priest.
The orc priest is almost dead.
An orc comes into view. It is wielding a +0 whip.
The orc priest looks encouraged for a moment.
You hit the orc priest.
You kill the orc priest!
Unknown command.
You hit the orc. Your bite misses the orc.
The orc is heavily wounded.
The orc closely misses you.
You barely miss the orc.
The orc is heavily wounded.
The orc hits you but does no damage.
You barely miss the orc. Your bite misses the orc.
The orc is heavily wounded.
The orc hits you with a +0 short sword.
* * * LOW HITPOINT WARNING * * *
You closely miss the orc.
The orc is heavily wounded.
The orc hits you with a +0 short sword.
* * * LOW HITPOINT WARNING * * *
You closely miss the orc. You bite the orc, but do no damage.
The orc is heavily wounded.
You hit the orc.
The orc is lightly wounded.
You closely miss the orc.
The orc is lightly wounded.
The orc hits you with a +0 whip.
* * * LOW HITPOINT WARNING * * *
You hit the orc but do no damage. You bite the orc.
The orc is moderately wounded.
The orc hits you but does no damage.
You closely miss the orc.
The orc is moderately wounded.
The orc hits you with a +0 whip.
* * * LOW HITPOINT WARNING * * *
You barely miss the orc. You bite the orc.
The orc is heavily wounded.
The orc hits you with a +0 whip.
You die...

######### ........#
....#.#.# #########
.....#..####....@oo#
.........)†>.#####.#
...#.##.######
#.....# ........#
#.#o#.# .#.######
#.#....# .#.# # ###
.# .... .# ##.## .
... .#


You could see 2 orcs.

Vanquished Creatures
  A black bear (D:2)
  An orc priest (D:3)
  Terence (D:2)
  An adder (D:3)
  A worm (D:2)
  A dart slug (D:1)
  An orc (D:3)
  2 endoplasms (D:1)
  3 giant cockroaches
  2 goblins (D:1)
  A hobgoblin (D:2)
  2 jackals (D:1)
  5 ball pythons
  5 bats
  5 frilled lizards
  4 kobolds
  5 rats
41 creatures vanquished.

Notes
Turn   | Place    | Note
-------+----------+-------------------------------------------
     0 | D:1      | Ablot the Gnoll Warper began the quest for the Orb.
     0 | D:1      | Reached XP level 1. HP: 20/20 MP: 6/6
   137 | D:1      | Reached XP level 2. HP: 26/26 MP: 7/7
   482 | D:1      | Reached XP level 3. HP: 31/31 MP: 9/9
   548 | D:1      | Learned a level 2 spell: Blink
   661 | D:1      | Found a faded altar of an unknown god.
   789 | D:1      | Reached skill level 5 in Spellcasting
  1109 | D:2      | Noticed a black bear
  1111 | D:2      | Noticed Terence
  1118 | D:2      | Killed a black bear
  1119 | D:2      | Reached skill level 1 in Short Blades
  1119 | D:2      | Reached skill level 1 in Long Blades
  1119 | D:2      | Reached skill level 1 in Axes
  1119 | D:2      | Reached skill level 1 in Maces & Flails
  1119 | D:2      | Reached skill level 1 in Staves
  1119 | D:2      | Reached skill level 1 in Slings
  1119 | D:2      | Reached skill level 1 in Bows
  1119 | D:2      | Reached skill level 1 in Crossbows
  1119 | D:2      | Reached skill level 1 in Stealth
  1119 | D:2      | Reached skill level 1 in Shields
  1119 | D:2      | Reached skill level 1 in Unarmed Combat
  1119 | D:2      | Reached skill level 1 in Conjurations
  1119 | D:2      | Reached skill level 1 in Hexes
  1119 | D:2      | Reached skill level 1 in Summonings
  1119 | D:2      | Reached skill level 1 in Necromancy
  1119 | D:2      | Reached skill level 1 in Transmutations
  1119 | D:2      | Reached skill level 1 in Fire Magic
  1119 | D:2      | Reached skill level 1 in Ice Magic
  1119 | D:2      | Reached skill level 1 in Air Magic
  1119 | D:2      | Reached skill level 1 in Earth Magic
  1119 | D:2      | Reached skill level 1 in Poison Magic
  1119 | D:2      | Reached skill level 1 in Invocations
  1119 | D:2      | Reached skill level 1 in Evocations
  1119 | D:2      | Reached XP level 4. HP: 10/38 MP: 11/11
  1119 | D:2      | Reached XP level 5. HP: 12/43 MP: 12/12
  1120 | D:2      | Killed Terence
  1703 | D:2      | Learned a level 2 spell: Passwall
  1706 | D:2      | Learned a level 2 spell: Ensorcelled Hibernation
  1708 | D:2      | Learned a level 1 spell: Apportation
  2124 | D:3      | Slain by an orc

Illustrated notes

Levels and vault maps discovered:
D:1:      minmay_arrival_four_houses, layout_basic,
          shapermc_ecumenical_altar_mp_highgroup, minmay_tromino_v4_c
D:2:      layout_basic, uniq_terence
D:3:      layout_loops_cross, gammafunk_temple_overflow_claw,
          minmay_misc_feat_chi, serial_bayou_pond_d

Skill      XL: |  1  2  3  4  5 |
---------------+----------------+-----
Spellcasting   | 5 |  5.2
Short Blades   | 1 |  1.6
Long Blades    | 1 |  1.6
Axes           | 1 |  1.6
Maces & Flails | 1 |  1.6
Staves         | 1 |  1.6
Slings         | 1 |  1.6
Bows           | 1 |  1.6
Crossbows      | 1 |  1.6
Stealth        | 1 |  1.6
Shields        | 1 |  1.6
Unarmed Combat | 1 |  1.6
Conjurations   | 1 |  1.3
Hexes          | 1 |  1.3
Summonings     | 1 |  1.3
Necromancy     | 1 |  1.3
Transmutations | 1 |  1.3
Fire Magic     | 1 |  1.3
Ice Magic      | 1 |  1.3
Air Magic      | 1 |  1.3
Earth Magic    | 1 |  1.3
Poison Magic   | 1 |  1.3
Invocations    | 1 |  1.8
Evocations     | 1 |  1.6
Throwing       | 3 |  3.0
Armour         | 3 |  3.0
Fighting       | |  4.8
Polearms       | |  4.8
Dodging        | |  4.8
Translocations | |  5.6

Action                   |  1- 3 |  4- 6 || total
-------------------------+-------+-------++-------
Melee: Spear             |    88 |    60 ||   148
       Bite              |       |     9 ||     9
Throw: Stone             |       |     1 ||     1
Evoke: Wand              |     2 |     1 ||     3
 Stab: Sleeping          |     1 |     1 ||     2
Armor: Leather armour    |    16 |    10 ||    26
Dodge: Dodged            |    37 |    21 ||    58
